[Event "EYCC Girls-U14 2019"]
[Site "Bratislava"]
[Date "2019.08.02"]
[Round "1.22"]
[White "Vetokhina, Sofia"]
[Black "Hrebenshchykova, Yelyzaveta"]
[Result "0-1"]
[ECO "E73"]
[WhiteElo "1536"]
[BlackElo "1955"]
[Annotator "NA"]
[PlyCount "56"]
[EventDate "2019.08.02"]
[EventType "swiss"]
[EventCountry "SVK"]
[SourceTitle "playchess.com"]
[Source "ChessBase"]
[SourceQuality "1"]
[TimeControl "40/5400+30:1800+30"]

1. d4 Nf6 2. c4 g6 3. Nc3 Bg7 4. e4 d6 5. Be2 O-O 6. Bg5 Nbd7 7. Nf3 h6 8. Be3 e5 9. d5 Ng4 10. Qd2 f5 11. h3 Nxe3 12. Qxe3 Nc5 13. O-O-O a6 14. g4 b5 15. gxf5 gxf5 16. Nd2 b4 17. Ncb1 fxe4 18. Rhg1 Qh4 19. Rg3 Bf5 20. Rdg1 Rf7 21. Bg4 Bh7 22. Be6 Nxe6 23. dxe6 Re7 24. Rg4 Qf6 25. Nxe4 Qxe6 26. Ng3 Kh8 27. Nh5 Qf5 28. Qe2 Qxb1+ 0-1

[Event "EYCC Girls-U14 2019"]
[Site "Bratislava"]
[Date "2019.08.02"]
[Round "1.23"]
[White "Zeliantsova, Kseniya"]
[Black "Mikova, Miriam"]
[Result "1/2-1/2"]
[ECO "B10"]
[WhiteElo "1907"]
[BlackElo "1420"]
[Annotator "NA"]
[PlyCount "76"]
[EventDate "2019.08.02"]
[EventType "swiss"]
[EventCountry "SVK"]
[SourceTitle "playchess.com"]
[Source "ChessBase"]
[SourceQuality "1"]
[TimeControl "40/5400+30:1800+30"]

1. e4 c6 2. Nf3 d5 3. Nc3 dxe4 4. Nxe4 Nf6 5. Nxf6+ exf6 6. d4 Bd6 7. Bd3 O-O 8. O-O Re8 9. h3 Nd7 10. c4 Nf8 11. Qc2 Be6 12. Bf5 Qd7 13. Bxe6 Nxe6 14. Qc3 Rad8 15. Be3 Bf4 16. Rad1 Bxe3 17. Qxe3 Ng5 18. Qa3 Nxf3+ 19. Qxf3 Re6 20. d5 Rd6 21. Rd4 cxd5 22. Rfd1 Qe7 23. Qa3 a6 24. Qa5 h6 25. Rxd5 Rxd5 26. cxd5 Rd6 27. Qc5 Qd8 28. Rd3 Kh8 29. Qc4 Kg8 30. a4 Qd7 31. a5 Qd8 32. b4 Qe7 33. Qc8+ Rd8 34. Re3 Qd7 35. Qxd7 Rxd7 36. Re8+ Kh7 37. d6 Rxd6 38. Re7 b5 1/2-1/2

[Event "EYCC Girls-U14 2019"]
[Site "Bratislava"]
[Date "2019.08.02"]
[Round "1.24"]
[White "Fajtakova, Silvia"]
[Black "Tsotsonava, Elene"]
[Result "0-1"]
[ECO "B40"]
[WhiteElo "1514"]
[BlackElo "1878"]
[Annotator "NA"]
[PlyCount "64"]
[EventDate "2019.08.02"]
[EventType "swiss"]
[EventCountry "SVK"]
[SourceTitle "playchess.com"]
[Source "ChessBase"]
[SourceQuality "1"]
[TimeControl "40/5400+30:1800+30"]

1. e4 c5 2. Nf3 e6 3. d4 cxd4 4. Qxd4 Nc6 5. Qd1 Qc7 6. Bd3 Nf6 7. O-O Be7 8. Re1 d6 9. Nbd2 O-O 10. Nf1 a6 11. Bg5 h6 12. Bc1 b5 13. b3 Bb7 14. Bb2 Rfd8 15. Qc1 Rac8 16. h3 d5 17. exd5 Nxd5 18. Ng3 Ncb4 19. Rd1 Nxd3 20. cxd3 Qb6 21. Qd2 Bb4 22. Qe2 Bc3 23. Rab1 Bxb2 24. Qxb2 Nc3 25. Nh5 Bxf3 26. gxf3 e5 27. Rf1 Nxb1 28. Qxe5 Qg6+ 29. Ng3 Nd2 30. Qe2 Nxf1 31. Kxf1 Qxd3 32. Qxd3 Rxd3 0-1

[Event "EYCC Girls-U14 2019"]
[Site "Bratislava"]
[Date "2019.08.03"]
[Round "2.1"]
[White "Kozachenko, Maria"]
[Black "Yakimova, Mariya"]
[Result "0-1"]
[ECO "B51"]
[WhiteElo "1865"]
[BlackElo "2250"]
[Annotator "ChessBase"]
[PlyCount "162"]
[EventDate "2019.08.02"]
[EventType "swiss"]
[EventCountry "SVK"]
[SourceTitle "playchess.com"]
[Source "ChessBase"]
[SourceQuality "1"]
[TimeControl "40/5400+30:1800+30"]

1. e4 c5 2. Nf3 d6 3. Bb5+ Nc6 4. O-O Bd7 5. c3 Nf6 6. Re1 a6 7. Ba4 b5 8. Bc2 e5 9. d4 Be7 10. h3 O-O 11. d5 Na5 12. b3 Qc7 13. Be3 c4 14. b4 Nb7 15. Nbd2 a5 16. a3 Ra6 17. Qb1 Rfa8 18. Qb2 Qc8 19. Nf1 Ne8 20. N3d2 h6 21. Reb1 axb4 22. axb4 Nd8 23. Rxa6 Qxa6 24. f3 Nf6 25. Ng3 Nh7 26. Ndf1 Bg5 27. Bf2 Nf6 28. Ne3 g6 29. Bd1 h5 30. Nc2 Qc8 31. Ra1 Rxa1 32. Nxa1 h4 33. Nh1 Nh5 34. Qe2 Nf4 35. Qf1 Nd3 36. Qe2 Nxf2 37. Qxf2 Qa6 38. Qb2 f5 39. Nc2 Nf7 40. Kf1 Bf4 41. Qa3 Qc8 42. Nf2 Ng5 43. Ne1 Be3 44. Bc2 Qb7 45. Nd1 Bf4 46. Qa5 Nf7 47. Ke2 Kg7 48. Ne3 Kf6 49. Nf1 Bh6 50. Bb1 Bg5 51. Nc2 Kg7 52. Nce3 Bd8 53. Qa2 Kf6 54. Qc2 Qc8 55. Ke1 Bb6 56. Qe2 Qh8 57. Qa2 Qh6 58. Qd2 Ng5 59. Bc2 Nf7 60. Bb1 Qf4 61. Nd1 Ng5 62. Qxf4 exf4 63. Ke2 fxe4 64. fxe4 f3+ 65. gxf3 Nxh3 66. Nde3 Ke5 67. Bc2 Kf6 68. Bd1 Kg5 69. Bc2 Bd8 70. Nh2 Bf6 71. Kd2 Kf4 72. e5 Bxe5 73. Nef1 Bf5 74. Bd1 Ng1 75. Ke1 Bxc3+ 76. Kf2 Nh3+ 77. Kg2 Bxb4 78. Ng4 Bxg4 79. fxg4 Ng5 80. Nh2 h3+ 81. Kf2 Bc5+ 0-1

[Event "EYCC Girls-U14 2019"]
[Site "Bratislava"]
[Date "2019.08.03"]
[Round "2.2"]
[White "Tarasenka, Aliaksandra"]
[Black "Kralj, Nika"]
[Result "1-0"]
[ECO "A10"]
[WhiteElo "2231"]
[BlackElo "1807"]
[Annotator "NA"]
[PlyCount "61"]
[EventDate "2019.08.02"]
[EventType "swiss"]
[EventCountry "SVK"]
[SourceTitle "playchess.com"]
[Source "ChessBase"]
[SourceQuality "1"]
[TimeControl "40/5400+30:1800+30"]

1. c4 g6 2. Nc3 d6 3. g3 Bg7 4. Bg2 e5 5. d3 f5 6. Rb1 Nf6 7. b4 Nc6 8. e3 Rb8 9. Qa4 a6 10. b5 axb5 11. cxb5 Ne7 12. Qa7 Be6 13. Bxb7 Nfd5 14. Nge2 Nxc3 15. Nxc3 e4 16. Bb2 exd3 17. O-O O-O 18. Bg2 Bc4 19. Rfd1 Qd7 20. a4 d5 21. Qc5 Rfd8 22. Rbc1 Ra8 23. Ba3 Bf6 24. Rd2 Kf7 25. e4 Bxc3 26. Rxc3 fxe4 27. Bxe4 Rxa4 28. Bxd3 Qe6 29. Rd1 Bxd3 30. Rcxd3 Qe4 31. Re3 1-0

[Event "EYCC Girls-U14 2019"]
[Site "Bratislava"]
[Date "2019.08.03"]
[Round "2.3"]
[White "Alekseenko, Mariya"]
[Black "Toncheva, Nadya"]
[Result "1/2-1/2"]
[ECO "A36"]
[WhiteElo "1848"]
[BlackElo "2087"]
[Annotator "NA"]
[PlyCount "141"]
[EventDate "2019.08.02"]
[EventType "swiss"]
[EventCountry "SVK"]
[SourceTitle "playchess.com"]
[Source "ChessBase"]
[SourceQuality "1"]
[TimeControl "40/5400+30:1800+30"]

1. c4 c5 2. g3 g6 3. Bg2 Bg7 4. Nc3 Nc6 5. e3 Nh6 6. Nge2 Nf5 7. d3 e6 8. Rb1 Rb8 9. a3 d6 10. b4 Qd7 11. b5 Nce7 12. O-O O-O 13. e4 Nd4 14. Nxd4 cxd4 15. Ne2 Qc7 16. a4 e5 17. Bd2 f5 18. exf5 gxf5 19. Qb3 f4 20. f3 Be6 21. gxf4 Bh6 22. Kh1 Ng6 23. f5 Bxd2 24. fxe6 Kh8 25. b6 axb6 26. Qxb6 Qe7 27. Ng3 Nf4 28. Ne4 Qg7 29. Rf2 Be3 30. Ra2 Nxe6 31. Qxd6 Nf4 32. Rd1 Rbc8 33. Qb4 Rc6 34. Nd6 Qh6 35. c5 Qe6 36. Rb2 Rc7 37. Qc4 Qg6 38. Qc2 Qg7 39. Rdb1 Qg6 40. Ne4 Rff7 41. Rb6 Qh5 42. Ng3 Qh4 43. c6 bxc6 44. a5 Nd5 45. Rxc6 Bf4 46. Rxc7 Nxc7 47. Nf1 Kg7 48. Rb7 e4 49. dxe4 Qe1 50. a6 Qa5 51. a7 Qa6 52. Qb2 Be5 53. Qb1 Bf4 54. Qb6 Qxb6 55. Rxb6 Na8 56. Ra6 d3 57. Ra1 d2 58. Bh3 Kf6 59. Rd1 Rxa7 60. Nxd2 Ra2 61. Nf1 Nb6 62. Rd8 Ke7 63. Rh8 h6 64. Ng3 Ra1+ 65. Nf1 Nc4 66. Rg8 Nd2 67. Rg4 Bg5 68. f4 Nxe4 69. fxg5 Nf2+ 70. Kg2 Nxg4 71. Bxg4 1/2-1/2

[Event "EYCC Girls-U14 2019"]
[Site "Bratislava"]
[Date "2019.08.03"]
[Round "2.4"]
[White "Nur-Mukhametova, Alisa"]
[Black "Kasaeva, Sofiia"]
[Result "1-0"]
[ECO "A09"]
[WhiteElo "2126"]
[BlackElo "1897"]
[Annotator "NA"]
[PlyCount "89"]
[EventDate "2019.08.02"]
[EventType "swiss"]
[EventCountry "SVK"]
[SourceTitle "playchess.com"]
[Source "ChessBase"]
[SourceQuality "1"]
[TimeControl "40/5400+30:1800+30"]

1. Nf3 d5 2. c4 d4 3. e3 dxe3 4. fxe3 c5 5. d4 e6 6. Nc3 Nf6 7. Be2 cxd4 8. exd4 Be7 9. Bf4 O-O 10. Qc2 Nc6 11. O-O-O Qa5 12. Ne5 Rd8 13. Nxc6 bxc6 14. Bf3 Ba6 15. c5 Nd5 16. Bxd5 cxd5 17. Rhe1 Qb4 18. Qa4 Qxa4 19. Nxa4 Bf6 20. b4 Bc4 21. Nc3 a6 22. Kc2 Ra7 23. Rd2 Rb7 24. Rb1 Rc8 25. a4 g5 26. Bd6 Be7 27. Bg3 f5 28. Be5 Kf7 29. b5 a5 30. Nd1 f4 31. Nb2 Bf6 32. Nxc4 dxc4 33. Bxf6 Kxf6 34. Kc3 e5 35. dxe5+ Kxe5 36. Re1+ Kf5 37. Kxc4 g4 38. Rd5+ Kg6 39. Re6+ Kf7 40. Re4 f3 41. gxf3 gxf3 42. Rf5+ Kg6 43. Rxf3 h5 44. h4 Rd7 45. Re6+ 1-0

[Event "EYCC Girls-U14 2019"]
[Site "Bratislava"]
[Date "2019.08.03"]
[Round "2.5"]
[White "Lomaia, Diana"]
[Black "Allahverdiyeva, Ayan"]
[Result "0-1"]
[ECO "D11"]
[WhiteElo "1807"]
[BlackElo "2114"]
[Annotator "NA"]
[PlyCount "98"]
[EventDate "2019.08.02"]
[EventType "swiss"]
[EventCountry "SVK"]
[SourceTitle "playchess.com"]
[Source "ChessBase"]
[SourceQuality "1"]
[TimeControl "40/5400+30:1800+30"]

1. d4 d5 2. c4 c6 3. e3 Nf6 4. Nf3 e6 5. Qc2 Nbd7 6. Be2 Bd6 7. O-O O-O 8. Nc3 dxc4 9. Bxc4 b5 10. Be2 Bb7 11. Rd1 Qb8 12. h3 Rc8 13. Qd3 Rd8 14. e4 Bc7 15. Qc2 e5 16. Be3 Re8 17. a3 a5 18. dxe5 Nxe5 19. Bg5 Ned7 20. b4 h6 21. Be3 axb4 22. axb4 Rxa1 23. Rxa1 c5 24. bxc5 b4 25. Nb5 Bxe4 26. Qa4 Nd5 27. Bd4 Nf4 28. Bf1 Nxh3+ 29. gxh3 Bxf3 30. Nxc7 Qxc7 31. Bg2 Bxg2 32. Kxg2 Re6 33. Qa8+ Kh7 34. Qf3 Ne5 35. Qd5 Nd3 36. Be3 Rg6+ 37. Kh1 Nf4 38. Qf3 Qe5 39. Rc1 Nd3 40. Rb1 Rf6 41. Qg2 Qf5 42. Rg1 Rg6 43. Qf1 Qe4+ 44. Kh2 Nxc5 45. Rxg6 fxg6 46. Qb5 Nd3 47. Qa6 b3 48. Qb5 b2 49. Qb3 Ne1 0-1

[Event "EYCC Girls-U14 2019"]
[Site "Bratislava"]
[Date "2019.08.03"]
[Round "2.6"]
[White "Roebers, Eline"]
[Black "Mihelic, Vesna"]
[Result "1-0"]
[ECO "C45"]
[WhiteElo "2069"]
[BlackElo "1844"]
[Annotator "NA"]
[PlyCount "59"]
[EventDate "2019.08.02"]
[EventType "swiss"]
[EventCountry "SVK"]
[SourceTitle "playchess.com"]
[Source "ChessBase"]
[SourceQuality "1"]
[TimeControl "40/5400+30:1800+30"]

1. e4 e5 2. Nf3 Nc6 3. d4 exd4 4. Nxd4 Nf6 5. Nxc6 bxc6 6. e5 Qe7 7. Qe2 Nd5 8. c4 Nb6 9. Nc3 a5 10. Qe4 g6 11. Bd3 Bg7 12. f4 O-O 13. O-O Ba6 14. Be3 Qe6 15. Bxb6 cxb6 16. Rae1 Rfe8 17. b3 f6 18. Qf3 fxe5 19. f5 Qe7 20. f6 Qc5+ 21. Qf2 Bxf6 22. Qxc5 bxc5 23. Rxf6 Kg7 24. Ref1 Re7 25. Ne4 d5 26. Nxc5 e4 27. Be2 Bc8 28. cxd5 cxd5 29. Rd6 Bf5 30. g4 1-0

[Event "EYCC Girls-U14 2019"]
[Site "Bratislava"]
[Date "2019.08.03"]
[Round "2.7"]
[White "Kiousi, Panagiota"]
[Black "Bondareva, Daria"]
[Result "1/2-1/2"]
[ECO "E16"]
[WhiteElo "1895"]
[BlackElo "1998"]
[Annotator "NA"]
[PlyCount "86"]
[EventDate "2019.08.02"]
[EventType "swiss"]
[EventCountry "SVK"]
[SourceTitle "playchess.com"]
[Source "ChessBase"]
[SourceQuality "1"]
[TimeControl "40/5400+30:1800+30"]

1. d4 Nf6 2. c4 e6 3. Nf3 b6 4. g3 Bb7 5. Bg2 Bb4+ 6. Bd2 a5 7. O-O Bxd2 8. Qxd2 O-O 9. Nc3 Ne4 10. Nxe4 Bxe4 11. Qf4 f5 12. Rfd1 Na6 13. d5 exd5 14. cxd5 Bxf3 15. Bxf3 d6 16. a3 Nc5 17. b4 Nd7 18. Rac1 Ne5 19. Rc3 axb4 20. Qxb4 Nd7 21. e4 fxe4 22. Bxe4 Nc5 23. Qb1 h6 24. Bf5 Kh8 25. g4 Ra4 26. Qc1 Qh4 27. Qc2 Qg5 28. Re1 Rf4 29. Rg3 Rd4 30. Qe2 Rxd5 31. Qe7 Qxe7 32. Rxe7 Na6 33. Bd3 Nc5 34. Bf5 Na6 35. Bd3 Nc5 36. Bf5 Na6 37. Bd3 b5 38. Kg2 c6 39. Rge3 Re5 40. R3xe5 dxe5 41. Rxe5 Kg8 42. Bf5 Kf7 43. h4 g6 1/2-1/2

[Event "EYCC Girls-U14 2019"]
[Site "Bratislava"]
[Date "2019.08.03"]
[Round "2.8"]
[White "Mironenko, Galina"]
[Black "Anacoglu, Cisel"]
[Result "0-1"]
[ECO "D18"]
[WhiteElo "1995"]
[BlackElo "1869"]
[Annotator "NA"]
[PlyCount "114"]
[EventDate "2019.08.02"]
[EventType "swiss"]
[EventCountry "SVK"]
[SourceTitle "playchess.com"]
[Source "ChessBase"]
[SourceQuality "1"]
[TimeControl "40/5400+30:1800+30"]

1. d4 d5 2. c4 c6 3. Nf3 Nf6 4. Nc3 dxc4 5. a4 Bf5 6. e3 e6 7. Bxc4 Bb4 8. O-O Nbd7 9. Qe2 O-O 10. e4 Bg6 11. Bd3 a5 12. Bb1 Re8 13. e5 Nd5 14. Nxd5 cxd5 15. Bxg6 fxg6 16. Ne1 Nb8 17. Nd3 Qd7 18. Be3 Nc6 19. h4 Qf7 20. g3 Qf5 21. f3 Qf7 22. Nf4 Ne7 23. g4 Nc6 24. Qd3 Rac8 25. h5 Nxd4 26. hxg6 hxg6 27. Kg2 Nc2 28. Rac1 Nxe3+ 29. Qxe3 d4 30. Qxd4 Rxc1 31. Rxc1 Rf8 32. Nh3 Qxf3+ 33. Kh2 Qe2+ 34. Kh1 Be1 35. Ng1 Rf1 36. Qf4 g5 37. Rc8+ Kh7 38. Qh2+ Qxh2+ 39. Kxh2 Rf2+ 40. Kh3 Rxb2 41. Nf3 Bd2 42. Re8 Bf4 43. Rf8 Rf2 44. Nxg5+ Kg6 45. Rxf4 Rxf4 46. Nxe6 Rxa4 47. Nc5 b5 48. Nd7 Kf7 49. Nc5 Ra3+ 50. Kh4 b4 51. Kg5 b3 52. e6+ Ke7 53. Kg6 b2 54. Kxg7 b1=Q 55. g5 Rg3 56. Ne4 Qxe4 57. Kh8 Rh3+ 0-1

[Event "EYCC Girls-U14 2019"]
[Site "Bratislava"]
[Date "2019.08.03"]
[Round "2.9"]
[White "Lhotska, Anna"]
[Black "Lorente Serrano, Rosa Adela"]
[Result "1-0"]
[ECO "B90"]
[WhiteElo "1922"]
[BlackElo "1788"]
[Annotator "NA"]
[PlyCount "117"]
[EventDate "2019.08.02"]
[EventType "swiss"]
[EventCountry "SVK"]
[SourceTitle "playchess.com"]
[Source "ChessBase"]
[SourceQuality "1"]
[TimeControl "40/5400+30:1800+30"]

1. e4 c5 2. Nf3 d6 3. d4 cxd4 4. Nxd4 Nf6 5. Nc3 a6 6. Be3 e5 7. Nb3 Be6 8. f3 Be7 9. Qd2 Nbd7 10. O-O-O b5 11. g4 Nb6 12. Na5 Qc7 13. g5 Nh5 14. Nd5 Nxd5 15. exd5 Bd7 16. Nb3 O-O 17. Be2 a5 18. Kb1 a4 19. Nc1 b4 20. Qxb4 Rfb8 21. Qc4 Qb7 22. b3 axb3 23. cxb3 g6 24. Qc3 Rc8 25. Qb2 Ng7 26. h4 Bf8 27. Bf2 Nh5 28. Bd3 Bg7 29. Qd2 Nf4 30. Be4 Qa6 31. Be3 Bb5 32. Rh2 Qa3 33. Qb2 Qb4 34. Rc2 Rcb8 35. Bd2 Qa3 36. Qxa3 Rxa3 37. Bb4 Ra6 38. a3 h6 39. Nd3 hxg5 40. hxg5 Nh3 41. Rg2 Rab6 42. Nb2 Bf8 43. Rh1 Nf4 44. Rgh2 Bg7 45. Nc4 Bxc4 46. bxc4 Nh5 47. Ka2 Ng3 48. Rc1 Nf5 49. Rb2 Nd4 50. Rcb1 Ra8 51. Be1 Rba6 52. Rb8+ Rxb8 53. Rxb8+ Bf8 54. Bb4 Kg7 55. Rb7 Nf5 56. Rc7 Kg8 57. Rc6 Ra7 58. Bxf5 gxf5 59. Bxd6 1-0

[Event "EYCC Girls-U14 2019"]
[Site "Bratislava"]
[Date "2019.08.03"]
[Round "2.10"]
[White "Sosovickova, Jana"]
[Black "Toth, Nikoletta"]
[Result "1/2-1/2"]
[ECO "B34"]
[WhiteElo "1749"]
[BlackElo "2023"]
[Annotator "NA"]
[PlyCount "65"]
[EventDate "2019.08.02"]
[EventType "swiss"]
[EventCountry "SVK"]
[SourceTitle "playchess.com"]
[Source "ChessBase"]
[SourceQuality "1"]
[TimeControl "40/5400+30:1800+30"]

1. e4 c5 2. Nf3 Nc6 3. d4 cxd4 4. Nxd4 Nf6 5. Nc3 e5 6. Nde2 Bc5 7. Ng3 Qb6 8. Qd2 Nd4 9. Na4 Qc6 10. Nxc5 Qxc5 11. Bd3 O-O 12. O-O d5 13. c3 Ne6 14. exd5 Qxd5 15. Qc2 Nc5 16. Bf5 e4 17. Rd1 Qe5 18. Bxc8 Raxc8 19. Be3 Rfe8 20. Bd4 Qf4 21. Be3 Qg4 22. Bxc5 Rxc5 23. Rd4 Qe6 24. a3 h6 25. Re1 Re5 26. Qd2 Kh8 27. h3 b6 28. Qc2 e3 29. Rxe3 Rxe3 30. fxe3 Qxe3+ 31. Qf2 Qxf2+ 32. Kxf2 Re5 33. c4 1/2-1/2

[Event "EYCC Girls-U14 2019"]
[Site "Bratislava"]
[Date "2019.08.03"]
[Round "2.11"]
[White "Pipiras, Filipa Fortuna"]
[Black "Qasem, Huda"]
[Result "1-0"]
[ECO "E48"]
[WhiteElo "1980"]
[BlackElo "1798"]
[Annotator "NA"]
[PlyCount "134"]
[EventDate "2019.08.02"]
[EventType "swiss"]
[EventCountry "SVK"]
[SourceTitle "playchess.com"]
[Source "ChessBase"]
[SourceQuality "1"]
[TimeControl "40/5400+30:1800+30"]

1. d4 Nf6 2. c4 e6 3. Nc3 Bb4 4. e3 O-O 5. Bd3 d5 6. Nf3 Bxc3+ 7. bxc3 dxc4 8. Bxc4 c5 9. O-O Qc7 10. Qe2 Nbd7 11. e4 cxd4 12. e5 d3 13. Bxd3 Ng4 14. Bf4 f6 15. Nd4 Ndxe5 16. Qxg4 Qxc3 17. Bxe5 Qxd3 18. Bd6 Re8 19. Rfd1 Qc4 20. Qg3 e5 21. Qb3 Qxb3 22. Nxb3 b6 23. Rac1 Be6 24. h3 Rac8 25. Rc7 Red8 26. Rxc8 Rxc8 27. Rc1 Rxc1+ 28. Nxc1 Kf7 29. a3 Bc4 30. f4 exf4 31. Bxf4 Ke6 32. Kf2 Kd5 33. Ke3 Kc6 34. Nd3 a5 35. Kd4 Bd5 36. g3 Be6 37. h4 h6 38. Bd2 g5 39. hxg5 hxg5 40. Nf2 Kd7 41. Ne4 Ke7 42. Bc3 g4 43. Nd2 Kd6 44. Ne4+ Ke7 45. Bd2 Bd7 46. Kd5 Ba4 47. Be3 b5 48. Nc5 Bc2 49. Bd2 b4 50. a4 Kf7 51. Kc4 f5 52. Bf4 Kf6 53. Nb3 Kg6 54. Bc7 Kg5 55. Bd8+ Kh5 56. Bxa5 f4 57. gxf4 g3 58. Bxb4 Kg4 59. a5 Kxf4 60. a6 Be4 61. a7 g2 62. Bc5 Ba8 63. Kb5 Kf3 64. Kb6 Ke2 65. Kc7 Kf1 66. Kb8 Bd5 67. Na5 g1=Q 1-0

[Event "EYCC Girls-U14 2019"]
[Site "Bratislava"]
[Date "2019.08.03"]
[Round "2.12"]
[White "Ruseva, Eva"]
[Black "Kirchei, Viktoriia"]
[Result "0-1"]
[ECO "E48"]
[WhiteElo "1804"]
[BlackElo "2006"]
[Annotator "NA"]
[PlyCount "84"]
[EventDate "2019.08.02"]
[EventType "swiss"]
[EventCountry "SVK"]
[SourceTitle "playchess.com"]
[Source "ChessBase"]
[SourceQuality "1"]
[TimeControl "40/5400+30:1800+30"]

1. d4 Nf6 2. c4 e6 3. Nc3 Bb4 4. e3 O-O 5. Bd3 d5 6. Nge2 b6 7. O-O Bb7 8. cxd5 exd5 9. Bd2 Bd6 10. h3 Re8 11. a4 a5 12. Rc1 Na6 13. Nb5 Bf8 14. Nf4 c6 15. Na3 Nb4 16. Bxb4 axb4 17. Nb1 Bd6 18. Ne2 Ne4 19. b3 Ng5 20. Kh1 Re6 21. Ng1 c5 22. Nf3 c4 23. bxc4 dxc4 24. Bxc4 Bxf3 25. gxf3 Nxh3 26. Bxe6 Qh4 27. Kg2 fxe6 28. f4 Rf8 29. Qf3 Nxf4+ 30. exf4 Rxf4 31. Qa8+ Rf8 32. Qxf8+ Kxf8 33. Rfd1 Qe4+ 34. Kf1 h5 35. Nd2 Qg4 36. Nc4 Bf4 37. Rb1 h4 38. Ne5 Qh5 39. Nd3 Bd6 40. Ne5 h3 41. Kg1 Qg5+ 42. Kf1 Qg2+ 0-1

[Event "EYCC Girls-U14 2019"]
[Site "Bratislava"]
[Date "2019.08.03"]
[Round "2.13"]
[White "Zhou, Lulu"]
[Black "Zabrzanska, Weronika"]
[Result "1-0"]
[ECO "C60"]
[WhiteElo "1944"]
[BlackElo "1748"]
[Annotator "NA"]
[PlyCount "65"]
[EventDate "2019.08.02"]
[EventType "swiss"]
[EventCountry "SVK"]
[SourceTitle "playchess.com"]
[Source "ChessBase"]
[SourceQuality "1"]
[TimeControl "40/5400+30:1800+30"]

1. e4 e5 2. Nf3 Nc6 3. Bb5 Nge7 4. O-O g6 5. d4 exd4 6. Nxd4 Bg7 7. Be3 O-O 8. Nc3 a6 9. Be2 b5 10. a3 Bb7 11. f4 d5 12. Nxc6 Bxc6 13. e5 Re8 14. g4 Qd7 15. Bf3 Rad8 16. Ne2 Bb7 17. c3 Nc6 18. Bf2 f6 19. Bh4 g5 20. exf6 gxh4 21. fxg7 Qxg7 22. Kh1 d4 23. cxd4 Nxd4 24. Nxd4 Bxf3+ 25. Qxf3 Qxd4 26. Rad1 Qxb2 27. f5 Qf6 28. Rxd8 Rxd8 29. Re1 Qd4 30. f6 Rf8 31. g5 c5 32. Qb7 h3 33. Qg7# 1-0

[Event "EYCC Girls-U14 2019"]
[Site "Bratislava"]
[Date "2019.08.03"]
[Round "2.14"]
[White "Otetea, Ioana"]
[Black "Wikar, Martyna"]
[Result "0-1"]
[ECO "B24"]
[WhiteElo "1744"]
[BlackElo "2020"]
[Annotator "NA"]
[PlyCount "74"]
[EventDate "2019.08.02"]
[EventType "swiss"]
[EventCountry "SVK"]
[SourceTitle "playchess.com"]
[Source "ChessBase"]
[SourceQuality "1"]
[TimeControl "40/5400+30:1800+30"]

1. e4 c5 2. Nc3 Nc6 3. Bb5 e6 4. Nge2 Nge7 5. d4 cxd4 6. Nxd4 a6 7. Bxc6 Nxc6 8. O-O Qc7 9. a4 Be7 10. Kh1 O-O 11. f4 Nxd4 12. Qxd4 f5 13. e5 d6 14. Be3 dxe5 15. fxe5 Rd8 16. Qf4 b6 17. Rfe1 Bb7 18. Qf2 Qc6 19. Re2 Bc5 20. Bxc5 bxc5 21. Rd2 Rd4 22. h3 Rad8 23. Rad1 Kf7 24. Rd3 h6 25. Ne2 Rxd3 26. Rxd3 Rd5 27. Qg3 Rxd3 28. cxd3 Qxa4 29. Nf4 Qd1+ 30. Kh2 g5 31. Qf2 gxf4 32. Qxc5 Bxg2 33. Kxg2 Qe2+ 34. Qf2 Qxe5 35. Kf3 Qe3+ 36. Qxe3 fxe3 37. Kxe3 e5 {[%emt 0:00:25] Kd4} 0-1

[Event "EYCC Girls-U14 2019"]
[Site "Bratislava"]
[Date "2019.08.03"]
[Round "2.15"]
[White "Batagan, Ilinca-Petra"]
[Black "Sumarriva Paulin, Laura"]
[Result "1/2-1/2"]
[ECO "C01"]
[WhiteElo "1767"]
[BlackElo "1861"]
[Annotator "NA"]
[PlyCount "55"]
[EventDate "2019.08.02"]
[EventType "swiss"]
[EventCountry "SVK"]
[SourceTitle "playchess.com"]
[Source "ChessBase"]
[SourceQuality "1"]
[TimeControl "40/5400+30:1800+30"]

1. e4 e6 2. d4 d5 3. exd5 exd5 4. c4 c6 5. Nf3 Nf6 6. Nc3 Be7 7. Be2 O-O 8. O-O dxc4 9. Bxc4 Nbd7 10. Re1 Nb6 11. Bb3 Bg4 12. Be3 Nbd5 13. h3 Bh5 14. Bg5 Nxc3 15. bxc3 Nd5 16. Bxe7 Nxe7 17. Re5 Bg6 18. Nh4 Nc8 19. Nxg6 hxg6 20. Qd3 Qf6 21. Rae1 Nd6 22. c4 Rad8 23. d5 cxd5 24. cxd5 a6 25. Re7 Rfe8 26. Rxe8+ Rxe8 27. Rxe8+ Nxe8 28. Qc2 1/2-1/2

[Event "EYCC Girls-U14 2019"]
[Site "Bratislava"]
[Date "2019.08.03"]
[Round "2.16"]
[White "Hakobyan, Astghik"]
[Black "Barwinska, Ewa"]
[Result "1/2-1/2"]
[ECO "B90"]
[WhiteElo "1863"]
[BlackElo "1758"]
[Annotator "NA"]
[PlyCount "90"]
[EventDate "2019.08.02"]
[EventType "swiss"]
[EventCountry "SVK"]
[SourceTitle "playchess.com"]
[Source "ChessBase"]
[SourceQuality "1"]
[TimeControl "40/5400+30:1800+30"]

1. e4 c5 2. Nf3 d6 3. d4 cxd4 4. Nxd4 Nf6 5. Nc3 a6 6. Be3 e5 7. Nb3 Be6 8. f3 Be7 9. Qd2 Nbd7 10. O-O-O O-O 11. g4 b5 12. g5 b4 13. Na4 Ne8 14. h4 a5 15. h5 Qc7 16. Bb5 Nc5 17. Kb1 Rb8 18. Nbxc5 dxc5 19. Bxe8 Rfxe8 20. Qf2 Rec8 21. g6 Qc6 22. b3 Qb5 23. h6 fxg6 24. hxg7 c4 25. f4 cxb3 26. axb3 exf4 27. Qxf4 h5 28. Qh6 Bf6 29. Qxg6 Qc6 30. Rd2 Bf7 31. Qf5 Bc3 32. Rf2 Qg6 33. Bf4 Qxf5 34. exf5 Rb5 35. Bh6 Bf6 36. Rd1 Re8 37. Nb2 Rb7 38. Rd6 Be5 39. Ra6 Kh7 40. Nd3 Bd4 41. Rg2 Rg8 42. Bc1 Rxg7 43. Rxg7+ Kxg7 44. Rxa5 Bc3 45. Ra6 Rb5 1/2-1/2

[Event "EYCC Girls-U14 2019"]
[Site "Bratislava"]
[Date "2019.08.03"]
[Round "2.17"]
[White "Zavivaeva, Emilia"]
[Black "Sovina, Maria"]
[Result "0-1"]
[ECO "B13"]
[WhiteElo "1740"]
[BlackElo "1757"]
[Annotator "NA"]
[PlyCount "68"]
[EventDate "2019.08.02"]
[EventType "swiss"]
[EventCountry "SVK"]
[SourceTitle "playchess.com"]
[Source "ChessBase"]
[SourceQuality "1"]
[TimeControl "40/5400+30:1800+30"]

1. e4 c6 2. d4 d5 3. exd5 cxd5 4. Bd3 Nc6 5. c3 Nf6 6. Bf4 Bg4 7. Qb3 e5 8. Bxe5 Qe7 9. f4 Nh5 10. Be2 Qh4+ 11. Kf1 O-O-O 12. Bb5 Nxe5 13. fxe5 Ng3+ 14. hxg3 Qxh1 15. c4 a6 16. Bxa6 bxa6 17. cxd5 Qh6 18. Qc4+ Kb7 19. d6 Bxd6 20. exd6 Qf6+ 21. Nf3 Bxf3 22. Qb3+ Ka7 23. gxf3 Rxd6 24. Nd2 Qxd4 25. Rc1 Qd3+ 26. Qxd3 Rxd3 27. Ke2 Rd7 28. Ne4 f5 29. Nc5 Re8+ 30. Kf1 Rd2 31. Nb3 Rxb2 32. Rc7+ Ka8 33. Na5 Reb8 34. a4 Ra2 0-1